[ AOE2 MATCH · #485918239 ]
UnrankedTupi vs Britons
[ REPLAY ANALYSIS · EXTRACTED FROM THE RECORDED GAME ]
Feudal
9:59
Castle
15:51
Imperial
24:36
| APM avg | 20.5 |
| APM peak | 50 |
| eAPM avg | 14.2 |
| Villagers / military | 95 / 34 |
Focus
⚔️ 28.6% · 🌾 71.4%
Unknown (2579) ×28 · Archer ×18 · Skirmisher ×7 · Spearman ×3 · Trebuchet (Packed) ×3 · Fishing Ship ×2
Feudal
8:57
Castle
17:23
Imperial
31:45
| APM avg | 28.0 |
| APM peak | 63 |
| eAPM avg | 18.8 |
| Villagers / military | 121 / 85 |
Focus
⚔️ 25.4% · 🌾 74.6%
Spearman ×44 · Archer ×30 · Fishing Ship ×5 · Demolition Raft ×4 · Trebuchet (Packed) ×4 · Skirmisher ×3
Feudal
11:18
Castle
15:26
Imperial
31:41
| APM avg | 19.1 |
| APM peak | 44 |
| eAPM avg | 10.7 |
| Villagers / military | 120 / 108 |
Focus
⚔️ 28.0% · 🌾 72.0%
Archer ×99 · Longbowman ×5 · Trebuchet (Packed) ×4
Feudal
10:38
Castle
17:03
Imperial
31:43
| APM avg | 11.9 |
| APM peak | 32 |
| eAPM avg | 8.9 |
| Villagers / military | 99 / 108 |
Focus
⚔️ 32.3% · 🌾 67.7%
Knight ×69 · Fishing Ship ×24 · Arambai ×20 · Battering Ram ×8 · Cavalry Archer ×5 · Battle Elephant ×4
Feudal
9:11
Castle
14:26
Imperial
32:16
| APM avg | 37.6 |
| APM peak | 61 |
| eAPM avg | 24.3 |
| Villagers / military | 145 / 110 |
Focus
⚔️ 27.9% · 🌾 72.1%
Tarkan ×86 · Trebuchet (Packed) ×6 · Cavalry Archer ×4 · Knight ×3 · Mangonel ×3 · Spearman ×3
Feudal
10:11
Castle
15:35
Imperial
33:33
| APM avg | 34.2 |
| APM peak | 54 |
| eAPM avg | 24.5 |
| Villagers / military | 164 / 179 |
Focus
⚔️ 33.2% · 🌾 66.8%
Knight ×116 · Leitis ×50 · Fishing Ship ×14 · Battering Ram ×8 · Monk ×2 · Scout Cavalry ×2
Match map
Initial resources + every placement click. Lines = walls · curves = elevation contours. ◆ gold · ⬟ stone · ● berries · ✦ relic · ◌ wall gap
Your base· Open — 7t gap
Overhead's base· Open — 4t gap
Dr.Infó's base· Open — unwalled flank
Lord Ice's base· Open — unwalled flank
Dr. Herma's base· Open — 4t gap
Dr. Mókus's base· Open — unwalled flank
Smoothed initial terrain · ◌ = detected wall gap · hover for details
Inputs per minute
— wololo - - Overhead
Build order — wololo
First 150 of 247 actions detected
| 0:01 | Create | Villager (Male) |
| 0:01 | Create | Villager (Male) |
| 0:02 | Create | Villager (Male) |
| 0:02 | Create | Villager (Male) |
| 0:03 | Build | House |
| 0:06 | Build | House |
| 0:11 | Build | House |
| 0:48 | Create | Villager (Male) |
| 0:50 | Create | Villager (Male) |
| 1:20 | Create | Villager (Male) |
| 1:33 | Create | Villager (Male) |
| 1:33 | Create | Villager (Male) |
| 1:40 | Build | House |
| 1:52 | Create | Villager (Male) |
| 2:20 | Create | Villager (Male) |
| 2:24 | Create | Villager (Male) |
| 3:03 | Create | Villager (Male) |
| 3:04 | Create | Villager (Male) |
| 3:31 | Create | Villager (Male) |
| 3:33 | Create | Villager (Male) |
| 4:11 | Create | Villager (Male) |
| 4:13 | Create | Villager (Male) |
| 4:40 | Create | Villager (Male) |
| 4:49 | Create | Villager (Male) |
| 4:57 | Build | Settlement |
| 5:11 | Create | Villager (Male) |
| 5:13 | Create | Villager (Male) |
| 5:14 | Create | Villager (Male) |
| 5:44 | Create | Villager (Male) |
| 5:44 | Create | Villager (Male) |
| 6:00 | Create | Villager (Male) |
| 6:03 | Create | Villager (Male) |
| 6:07 | Create | Villager (Male) |
| 6:30 | Create | Villager (Male) |
| 6:39 | Create | Villager (Male) |
| 6:40 | Create | Villager (Male) |
| 6:59 | Create | Villager (Male) |
| 6:59 | Create | Villager (Male) |
| 7:13 | Research | Feudal Age |
| 7:14 | Research | Loom |
| 7:17 | Research | Loom |
| 7:19 | Research | Feudal Age |
| 7:31 | Create | Villager (Male) |
| 7:38 | Build | House |
| 7:50 | Build | Settlement |
| 8:37 | Create | Villager (Male) |
| 8:41 | Create | Villager (Male) |
| 9:09 | Build | Settlement |
| 9:15 | Create | Villager (Male) |
| 9:38 | Create | Villager (Male) |
| 9:59 | Age | Feudal Age |
| 10:04 | Build | Market |
| 10:08 | Create | Villager (Male) |
| 10:28 | Build | Blacksmith |
| 10:34 | Create | Villager (Male) |
| 10:35 | Create | Villager (Male) |
| 10:48 | Create | Villager (Male) |
| 10:49 | Create | Villager (Male) |
| 10:56 | Build | Settlement |
| 11:12 | Build | Farm |
| 11:14 | Build | Farm |
| 11:20 | Build | Farm |
| 11:41 | Build | Settlement |
| 11:46 | Build | Farm |
| 11:47 | Create | Villager (Male) |
| 11:48 | Create | Villager (Male) |
| 11:56 | Create | Villager (Male) |
| 11:57 | Create | Villager (Male) |
| 12:07 | Build | Farm |
| 12:11 | Build | Farm |
| 12:39 | Create | Villager (Male) |
| 12:40 | Create | Villager (Male) |
| 12:53 | Create | Villager (Male) |
| 13:02 | Build | Farm |
| 13:09 | Build | Farm |
| 13:11 | Research | Castle Age |
| 13:32 | Create | Villager (Male) |
| 13:39 | Build | Barracks |
| 13:47 | Create | Villager (Male) |
| 13:57 | Create | Villager (Male) |
| 13:59 | Create | Villager (Male) |
| 14:30 | Build | Archery Range |
| 14:38 | Create | Spearman |
| 15:14 | Build | Archery Range |
| 15:15 | Create | Archer |
| 15:17 | Create | Archer |
| 15:20 | Research | Fletching |
| 15:20 | Create | Villager (Male) |
| 15:21 | Create | Villager (Male) |
| 15:34 | Build | House |
| 15:50 | Create | Archer |
| 15:50 | Create | Archer |
| 15:51 | Age | Castle Age |
| 15:54 | Research | Bodkin Arrow |
| 16:00 | Research | Crossbowman (upgrade) |
| 16:00 | Create | Archer |
| 16:00 | Create | Archer |
| 16:03 | Research | Padded Archer Armor |
| 16:04 | Create | Villager (Male) |
| 16:05 | Create | Villager (Male) |
| 16:05 | Create | Villager (Male) |
| 16:12 | Build | Settlement |
| 16:18 | Build | Farm |
| 16:20 | Research | Double-Bit Axe |
| 16:31 | Create | Villager (Male) |
| 16:37 | Research | Horse Collar |
| 16:53 | Create | Archer |
| 16:53 | Create | Archer |
| 17:14 | Build | House |
| 17:17 | Build | House |
| 17:19 | Build | House |
| 17:25 | Research | Bow Saw |
| 17:32 | Create | Archer |
| 17:32 | Create | Archer |
| 17:47 | Create | Villager (Male) |
| 17:52 | Build | Farm |
| 17:59 | Build | Farm |
| 18:00 | Create | Villager (Male) |
| 18:01 | Create | Villager (Male) |
| 18:02 | Create | Villager (Male) |
| 18:31 | Create | Archer |
| 18:32 | Create | Archer |
| 18:32 | Create | Archer |
| 18:40 | Research | Leather Archer Armor |
| 18:46 | Build | University |
| 19:31 | Create | Villager (Male) |
| 19:31 | Create | Villager (Male) |
| 19:32 | Create | Villager (Male) |
| 19:51 | Build | Castle |
| 19:53 | Create | Villager (Male) |
| 19:55 | Create | Villager (Male) |
| 19:58 | Build | Farm |
| 20:00 | Research | Ballistics |
| 20:32 | Create | Villager (Male) |
| 20:35 | Build | Farm |
| 20:38 | Build | Farm |
| 20:51 | Build | House |
| 20:52 | Build | House |
| 20:53 | Build | House |
| 20:54 | Build | House |
| 21:03 | Build | House |
| 21:26 | Research | Imperial Age |
| 21:27 | Create | Villager (Male) |
| 21:33 | Build | Settlement |
| 21:39 | Build | Farm |
| 21:51 | Build | House |
| 21:56 | Build | House |
| 21:57 | Build | House |
| 21:57 | Build | House |
| 22:09 | Build | Gate |
Build order — Overhead
First 150 of 368 actions detected
| 0:06 | Research | Loom |
| 0:06 | Create | Villager (Male) |
| 0:06 | Create | Villager (Male) |
| 0:08 | Build | House |
| 0:10 | Build | House |
| 0:18 | Create | Villager (Male) |
| 1:08 | Create | Villager (Male) |
| 1:51 | Create | Villager (Male) |
| 1:51 | Create | Villager (Male) |
| 2:01 | Create | Villager (Male) |
| 2:34 | Create | Villager (Male) |
| 2:41 | Build | Lumber Camp |
| 2:53 | Create | Villager (Male) |
| 2:54 | Create | Villager (Male) |
| 3:06 | Create | Villager (Male) |
| 3:48 | Create | Villager (Male) |
| 3:49 | Create | Villager (Male) |
| 3:49 | Create | Villager (Male) |
| 4:20 | Build | House |
| 4:28 | Create | Villager (Male) |
| 4:56 | Create | Villager (Male) |
| 5:04 | Build | House |
| 5:08 | Create | Villager (Male) |
| 5:08 | Create | Villager (Male) |
| 5:09 | Create | Villager (Male) |
| 5:10 | Create | Villager (Male) |
| 5:45 | Create | Villager (Male) |
| 5:46 | Create | Villager (Male) |
| 5:54 | Create | Villager (Male) |
| 6:04 | Build | Mill |
| 6:42 | Research | Feudal Age |
| 7:45 | Build | House |
| 7:50 | Create | Villager (Male) |
| 7:50 | Create | Villager (Male) |
| 8:08 | Create | Villager (Male) |
| 8:08 | Create | Villager (Male) |
| 8:21 | Build | Barracks |
| 8:57 | Age | Feudal Age |
| 8:57 | Create | Villager (Male) |
| 8:57 | Create | Villager (Male) |
| 9:13 | Build | Watch Tower |
| 9:23 | Build | Archery Range |
| 9:39 | Create | Villager (Male) |
| 9:47 | Create | Villager (Male) |
| 9:47 | Create | Villager (Male) |
| 10:02 | Create | Villager (Male) |
| 10:03 | Create | Villager (Male) |
| 10:03 | Create | Villager (Male) |
| 10:10 | Build | Mining Camp |
| 10:16 | Build | Mill |
| 10:21 | Create | Villager (Male) |
| 10:22 | Create | Villager (Male) |
| 10:24 | Build | Lumber Camp |
| 10:25 | Create | Archer |
| 10:26 | Create | Archer |
| 10:59 | Create | Villager (Male) |
| 11:08 | Create | Villager (Male) |
| 11:08 | Create | Villager (Male) |
| 11:12 | Create | Villager (Male) |
| 11:12 | Create | Villager (Male) |
| 11:20 | Create | Villager (Male) |
| 11:20 | Create | Villager (Male) |
| 11:27 | Build | House |
| 11:35 | Create | Archer |
| 11:36 | Create | Archer |
| 11:56 | Build | Archery Range |
| 12:05 | Build | House |
| 12:13 | Build | Blacksmith |
| 12:30 | Build | Lumber Camp |
| 12:43 | Create | Archer |
| 13:00 | Create | Villager (Male) |
| 13:15 | Build | Mill |
| 13:19 | Create | Villager (Male) |
| 13:20 | Create | Villager (Male) |
| 13:20 | Create | Villager (Male) |
| 13:42 | Create | Villager (Male) |
| 13:52 | Build | Farm |
| 13:53 | Build | Farm |
| 13:56 | Build | Farm |
| 14:05 | Create | Archer |
| 14:05 | Create | Archer |
| 14:06 | Create | Archer |
| 14:10 | Build | Palisade Gate |
| 14:15 | Build | House |
| 14:19 | Build | House |
| 14:23 | Build | Palisade Wall |
| 14:25 | Build | Palisade Wall |
| 14:43 | Research | Castle Age |
| 15:02 | Build | Mining Camp |
| 15:36 | Create | Archer |
| 15:36 | Create | Archer |
| 15:40 | Create | Villager (Male) |
| 15:40 | Create | Villager (Male) |
| 15:44 | Build | House |
| 15:47 | Build | House |
| 15:51 | Create | Archer |
| 15:51 | Create | Archer |
| 16:03 | Create | Villager (Male) |
| 16:16 | Research | Fletching |
| 16:20 | Create | Archer |
| 16:21 | Create | Archer |
| 16:29 | Build | House |
| 16:31 | Build | House |
| 16:32 | Build | House |
| 16:37 | Create | Archer |
| 16:37 | Create | Archer |
| 16:50 | Create | Archer |
| 16:51 | Create | Archer |
| 17:00 | Create | Archer |
| 17:01 | Create | Archer |
| 17:08 | Research | Padded Archer Armor |
| 17:14 | Build | Blacksmith |
| 17:23 | Create | Archer |
| 17:23 | Create | Archer |
| 17:23 | Age | Castle Age |
| 17:29 | Research | Crossbowman (upgrade) |
| 17:35 | Build | Archery Range |
| 18:37 | Create | Archer |
| 18:38 | Create | Archer |
| 18:46 | Build | Mining Camp |
| 18:48 | Create | Villager (Male) |
| 18:48 | Create | Villager (Male) |
| 18:52 | Build | Town Center |
| 19:10 | Build | House |
| 19:15 | Research | Wheelbarrow |
| 19:19 | Create | Archer |
| 19:19 | Create | Archer |
| 19:20 | Create | Archer |
| 19:25 | Build | House |
| 19:26 | Build | House |
| 19:39 | Build | Castle |
| 19:56 | Create | Villager (Male) |
| 19:57 | Create | Villager (Male) |
| 19:59 | Build | Farm |
| 21:14 | Build | Farm |
| 21:18 | Research | Horse Collar |
| 21:32 | Build | Castle |
| 22:09 | Build | Town Center |
| 22:12 | Research | Bodkin Arrow |
| 22:22 | Build | Mining Camp |
| 22:23 | Create | Villager (Male) |
| 22:24 | Create | Villager (Male) |
| 22:40 | Build | Dock |
| 22:45 | Build | Farm |
| 22:52 | Create | Archer |
| 22:52 | Create | Archer |
| 23:25 | Build | Town Center |
| 23:37 | Build | Farm |
| 23:40 | Build | Farm |
| 23:41 | Build | Farm |
Build order — Dr.Infó
First 150 of 192 actions detected
| 0:04 | Create | Villager (Male) ×4 |
| 0:09 | Build | House |
| 0:13 | Build | House |
| 0:21 | Build | House |
| 0:48 | Create | Villager (Male) ×2 |
| 1:19 | Research | Loom |
| 1:55 | Create | Villager (Male) ×2 |
| 2:02 | Create | Villager (Male) ×2 |
| 2:37 | Create | Villager (Male) ×2 |
| 2:57 | Create | Villager (Male) ×2 |
| 3:28 | Create | Villager (Male) |
| 3:53 | Create | Villager (Male) ×3 |
| 3:59 | Create | Villager (Male) |
| 4:47 | Create | Villager (Male) ×3 |
| 4:57 | Build | Lumber Camp |
| 5:16 | Create | Villager (Male) |
| 5:28 | Build | House |
| 5:45 | Create | Villager (Male) ×5 |
| 5:53 | Create | Villager (Male) ×5 |
| 6:50 | Build | House |
| 6:57 | Create | Villager (Male) |
| 7:03 | Create | Villager (Male) |
| 7:03 | Create | Villager (Male) |
| 7:09 | Build | House |
| 8:30 | Build | Mill |
| 9:04 | Build | Mill |
| 9:08 | Research | Feudal Age |
| 9:09 | Create | Villager (Male) ×5 |
| 9:36 | Build | Lumber Camp |
| 9:52 | Build | Mining Camp |
| 10:01 | Build | Mining Camp |
| 10:24 | Build | Barracks |
| 10:34 | Create | Villager (Male) |
| 10:34 | Create | Villager (Male) |
| 10:34 | Create | Villager (Male) |
| 10:40 | Create | Villager (Male) |
| 10:40 | Create | Villager (Male) |
| 10:40 | Create | Villager (Male) |
| 11:09 | Build | House |
| 11:18 | Age | Feudal Age |
| 11:25 | Research | Double-Bit Axe |
| 11:40 | Build | Blacksmith |
| 11:47 | Build | Archery Range |
| 12:00 | Create | Villager (Male) |
| 12:00 | Create | Villager (Male) |
| 12:07 | Build | Farm |
| 12:10 | Build | Farm |
| 12:13 | Build | Farm |
| 12:15 | Build | Farm |
| 12:32 | Build | House |
| 12:34 | Build | House |
| 12:36 | Build | House |
| 12:46 | Research | Castle Age |
| 12:58 | Build | Mining Camp |
| 13:11 | Create | Archer |
| 13:14 | Research | Padded Archer Armor |
| 13:27 | Create | Villager (Male) ×3 |
| 13:40 | Build | House |
| 13:41 | Build | House |
| 13:45 | Build | House |
| 13:56 | Build | House |
| 13:57 | Build | House |
| 14:08 | Build | Mining Camp |
| 14:19 | Build | House |
| 14:47 | Create | Villager (Male) ×5 |
| 14:49 | Create | Villager (Male) ×3 |
| 15:09 | Build | Archery Range |
| 15:21 | Create | Archer ×4 |
| 15:26 | Age | Castle Age |
| 15:35 | Build | Stone Wall |
| 15:58 | Build | Farm |
| 16:00 | Create | Villager (Male) ×5 |
| 16:17 | Create | Archer |
| 16:23 | Build | Mining Camp |
| 16:30 | Research | Bow Saw |
| 16:38 | Build | Farm |
| 16:58 | Build | Farm |
| 17:09 | Research | Horse Collar |
| 17:19 | Build | Farm |
| 17:25 | Create | Villager (Male) |
| 17:26 | Create | Villager (Male) |
| 17:40 | Build | Castle |
| 18:11 | Build | Castle |
| 18:37 | Research | Crossbowman (upgrade) |
| 18:54 | Create | Archer ×5 |
| 18:54 | Create | Archer ×5 |
| 19:36 | Research | Fletching |
| 19:52 | Build | Stone Wall |
| 20:11 | Create | Villager (Male) ×3 |
| 20:22 | Build | Farm |
| 20:25 | Build | Farm |
| 20:28 | Build | Farm |
| 20:33 | Build | Farm |
| 20:40 | Create | Archer ×5 |
| 20:45 | Create | Archer ×2 |
| 20:56 | Build | Farm |
| 21:00 | Build | Farm |
| 21:03 | Build | Farm |
| 21:06 | Build | Farm |
| 21:08 | Build | Farm |
| 21:31 | Build | Gate |
| 21:40 | Create | Archer ×5 |
| 21:43 | Create | Villager (Male) ×5 |
| 21:53 | Build | Mining Camp |
| 22:14 | Build | Castle |
| 23:18 | Create | Longbowman ×5 |
| 23:29 | Create | Villager (Male) ×5 |
| 23:35 | Build | Lumber Camp |
| 23:43 | Create | Villager (Male) ×5 |
| 24:04 | Build | Mining Camp |
| 24:15 | Build | Siege Workshop |
| 24:30 | Build | Mining Camp |
| 24:48 | Build | Archery Range |
| 24:49 | Build | Archery Range |
| 24:51 | Build | Archery Range |
| 25:06 | Research | Leather Archer Armor |
| 25:07 | Research | Bodkin Arrow |
| 25:16 | Research | Heavy Plow |
| 25:20 | Build | Farm |
| 25:26 | Create | Villager (Male) ×3 |
| 25:31 | Create | Villager (Male) |
| 25:40 | Build | House |
| 25:40 | Build | House |
| 25:40 | Build | House |
| 25:40 | Build | House |
| 25:42 | Build | House |
| 25:42 | Build | House |
| 25:44 | Build | House |
| 25:46 | Build | House |
| 25:46 | Build | House |
| 25:46 | Build | House |
| 25:47 | Build | House |
| 25:48 | Build | House |
| 25:48 | Build | House |
| 25:51 | Build | House |
| 26:53 | Build | University |
| 27:07 | Build | Market |
| 27:59 | Build | Archery Range |
| 28:09 | Create | Archer ×5 |
| 28:09 | Create | Archer ×5 |
| 28:10 | Create | Archer ×4 |
| 28:31 | Research | Imperial Age |
| 28:40 | Create | Archer |
| 30:08 | Create | Archer ×5 |
| 30:08 | Create | Archer |
| 30:08 | Create | Archer |
| 30:27 | Build | Lumber Camp |
| 30:32 | Create | Villager (Male) ×5 |
| 30:32 | Create | Villager (Male) ×5 |
| 30:44 | Create | Villager (Male) ×5 |
Build order — Lord Ice
First 150 of 187 actions detected
| 0:04 | Build | House |
| 0:06 | Create | Villager (Male) ×4 |
| 0:15 | Build | House |
| 0:24 | Create | Villager (Male) ×2 |
| 1:32 | Create | Villager (Male) |
| 2:10 | Create | Villager (Male) ×2 |
| 2:55 | Create | Villager (Male) ×3 |
| 3:06 | Build | House |
| 3:33 | Create | Villager (Male) ×3 |
| 3:42 | Build | House |
| 3:49 | Build | Mill |
| 4:00 | Create | Villager (Male) ×3 |
| 4:32 | Create | Villager (Male) |
| 5:03 | Create | Villager (Male) ×4 |
| 6:33 | Research | Loom |
| 6:34 | Create | Villager (Male) ×5 |
| 7:06 | Build | House |
| 7:24 | Build | Lumber Camp |
| 8:16 | Build | House |
| 8:18 | Build | House |
| 8:19 | Build | House |
| 8:21 | Build | House |
| 8:22 | Build | House |
| 8:28 | Research | Feudal Age |
| 8:31 | Create | Villager (Male) ×5 |
| 9:06 | Build | Mining Camp |
| 10:09 | Build | Barracks |
| 10:22 | Create | Villager (Male) ×5 |
| 10:38 | Age | Feudal Age |
| 10:46 | Create | Villager (Male) ×5 |
| 10:47 | Research | Wheelbarrow |
| 10:48 | Research | Town Watch |
| 11:56 | Build | Stable |
| 12:26 | Build | Mill |
| 12:43 | Create | Villager (Male) ×5 |
| 13:00 | Build | Blacksmith |
| 13:53 | Build | Market |
| 14:10 | Build | Archery Range |
| 14:17 | Research | Castle Age |
| 14:25 | Build | Mining Camp |
| 14:38 | Create | Villager (Male) ×5 |
| 14:57 | Build | Farm |
| 14:57 | Build | Farm |
| 14:58 | Build | Farm |
| 15:00 | Build | Farm |
| 15:02 | Build | Farm |
| 15:04 | Build | Farm |
| 15:05 | Build | Farm |
| 15:06 | Build | Farm |
| 15:37 | Build | House |
| 15:39 | Build | House |
| 15:40 | Build | House |
| 15:41 | Build | House |
| 15:52 | Build | Stone Wall |
| 15:59 | Create | Villager (Male) ×2 |
| 16:12 | Build | Farm |
| 16:13 | Build | Farm |
| 16:16 | Research | Horse Collar |
| 16:23 | Build | Farm |
| 16:25 | Build | Farm |
| 16:26 | Build | Farm |
| 16:42 | Build | Stable |
| 16:51 | Build | Farm |
| 16:52 | Build | Farm |
| 16:53 | Build | Farm |
| 16:55 | Build | Farm |
| 16:59 | Build | Farm |
| 17:03 | Age | Castle Age |
| 17:12 | Research | Husbandry |
| 17:18 | Create | Cavalry Archer ×5 |
| 17:28 | Create | Villager (Male) ×4 |
| 17:45 | Build | Mining Camp |
| 17:59 | Build | House |
| 18:04 | Create | Battle Elephant |
| 18:04 | Create | Battle Elephant |
| 18:09 | Create | Battle Elephant |
| 18:22 | Build | Dock |
| 18:39 | Create | Battle Elephant |
| 18:51 | Build | Farm |
| 18:56 | Create | Villager (Male) ×5 |
| 19:05 | Build | Dock |
| 19:09 | Create | Fishing Ship ×5 |
| 19:12 | Research | Tech 906 |
| 19:44 | Research | Scale Barding Armor |
| 19:45 | Research | Forging |
| 20:15 | Build | Siege Workshop |
| 20:22 | Create | Villager (Male) ×5 |
| 20:27 | Create | Fishing Ship ×5 |
| 20:34 | Build | Dock |
| 20:43 | Create | Knight ×3 |
| 21:03 | Create | Battering Ram |
| 21:10 | Build | Castle |
| 21:24 | Create | Knight |
| 21:30 | Build | House |
| 21:31 | Build | House |
| 21:31 | Build | House |
| 21:31 | Build | House |
| 21:31 | Build | House |
| 21:32 | Build | House |
| 21:32 | Build | House |
| 21:32 | Build | House |
| 21:37 | Create | Fishing Ship ×4 |
| 21:57 | Create | Battering Ram |
| 22:05 | Research | Bloodlines |
| 22:50 | Create | Battering Ram |
| 22:50 | Create | Battering Ram |
| 23:41 | Create | Knight ×2 |
| 23:48 | Create | Villager (Male) ×5 |
| 23:48 | Create | Villager (Male) ×5 |
| 23:57 | Create | Villager (Male) ×5 |
| 23:57 | Create | Villager (Male) ×5 |
| 24:05 | Research | Gillnets |
| 24:07 | Create | Fishing Ship ×5 |
| 24:09 | Create | Fishing Ship ×4 |
| 24:44 | Create | Arambai ×4 |
| 25:04 | Create | Knight ×3 |
| 25:33 | Create | Knight ×2 |
| 25:45 | Build | House |
| 25:46 | Build | House |
| 25:46 | Build | House |
| 25:46 | Build | House |
| 25:49 | Create | Villager (Male) ×5 |
| 25:53 | Create | Villager (Male) ×5 |
| 26:01 | Build | Stable |
| 26:05 | Create | Arambai |
| 26:05 | Create | Arambai |
| 26:07 | Create | Knight |
| 26:14 | Create | Battering Ram |
| 26:22 | Research | Fletching |
| 27:16 | Create | Knight ×5 |
| 27:22 | Create | Arambai ×2 |
| 27:56 | Build | Stable |
| 28:09 | Research | Gold Mining |
| 28:22 | Research | Imperial Age |
| 28:34 | Build | Mining Camp |
| 28:44 | Build | Lumber Camp |
| 28:53 | Build | Lumber Camp |
| 28:58 | Create | Fishing Ship |
| 29:10 | Build | House |
| 29:25 | Build | Mining Camp |
| 29:38 | Create | Knight ×5 |
| 29:42 | Create | Knight ×5 |
| 29:44 | Create | Knight ×5 |
| 29:48 | Create | Knight ×2 |
| 29:54 | Build | Stable |
| 30:02 | Build | House |
| 30:03 | Build | House |
| 30:10 | Research | Iron Casting |
| 30:11 | Research | Chain Barding Armor |
| 30:46 | Research | Hand Cart |
Build order — Dr. Herma
First 150 of 415 actions detected
| 0:00 | Create | Villager (Male) |
| 0:00 | Create | Villager (Male) |
| 0:01 | Create | Villager (Male) |
| 0:02 | Create | Villager (Male) |
| 0:47 | Research | Loom |
| 0:48 | Research | Loom |
| 0:50 | Create | Villager (Male) |
| 1:19 | Create | Villager (Male) |
| 1:28 | Create | Villager (Male) |
| 1:44 | Create | Villager (Male) |
| 1:54 | Create | Villager (Male) |
| 2:13 | Create | Villager (Male) |
| 2:26 | Create | Villager (Male) |
| 2:27 | Create | Villager (Male) |
| 2:52 | Build | Lumber Camp |
| 2:53 | Create | Villager (Male) |
| 3:12 | Create | Villager (Male) |
| 3:14 | Create | Villager (Male) |
| 3:40 | Create | Villager (Male) |
| 3:42 | Create | Villager (Male) |
| 3:42 | Create | Villager (Male) |
| 4:14 | Create | Villager (Male) |
| 4:14 | Create | Villager (Male) |
| 4:30 | Create | Villager (Male) |
| 4:41 | Create | Villager (Male) |
| 4:41 | Create | Villager (Male) |
| 4:51 | Create | Villager (Male) |
| 5:07 | Create | Villager (Male) |
| 5:24 | Create | Villager (Male) |
| 5:29 | Build | Mill |
| 5:33 | Create | Villager (Male) |
| 5:34 | Create | Villager (Male) |
| 5:41 | Create | Villager (Male) |
| 5:53 | Create | Villager (Male) |
| 5:55 | Create | Villager (Male) |
| 6:00 | Create | Villager (Male) |
| 6:11 | Create | Villager (Male) |
| 6:19 | Build | Mill |
| 6:28 | Create | Villager (Male) |
| 6:35 | Create | Villager (Male) |
| 6:46 | Create | Villager (Male) |
| 7:01 | Research | Feudal Age |
| 7:07 | Build | Barracks |
| 7:09 | Create | Villager (Male) |
| 7:31 | Create | Villager (Male) |
| 7:40 | Build | Mining Camp |
| 7:50 | Create | Villager (Male) |
| 7:55 | Create | Villager (Male) |
| 8:04 | Create | Villager (Male) |
| 8:26 | Build | Dock |
| 8:34 | Create | Villager (Male) |
| 8:41 | Build | Mining Camp |
| 8:48 | Create | Villager (Male) |
| 8:57 | Create | Villager (Male) |
| 9:11 | Age | Feudal Age |
| 9:24 | Build | Outpost |
| 9:35 | Create | Villager (Male) |
| 9:37 | Create | Demolition Raft |
| 9:44 | Create | Demolition Raft |
| 9:47 | Create | Fishing Ship |
| 9:53 | Research | Town Watch |
| 10:19 | Create | Villager (Male) |
| 10:36 | Build | Stable |
| 10:53 | Build | Market |
| 10:59 | Create | Villager (Male) |
| 11:06 | Research | Double-Bit Axe |
| 11:21 | Create | Villager (Male) |
| 11:41 | Create | Villager (Male) |
| 11:43 | Research | Castle Age |
| 11:53 | Research | Stone Mining |
| 11:53 | Research | Stone Mining |
| 12:11 | Create | Spearman |
| 12:20 | Build | Lumber Camp |
| 12:25 | Create | Demolition Raft |
| 12:46 | Create | Fishing Ship |
| 13:01 | Create | Scout Cavalry |
| 13:22 | Build | Blacksmith |
| 13:24 | Create | Villager (Male) |
| 13:57 | Create | Villager (Male) |
| 14:12 | Create | Villager (Male) |
| 14:26 | Age | Castle Age |
| 14:30 | Build | Castle |
| 14:34 | Create | Knight |
| 14:36 | Create | Villager (Male) |
| 14:41 | Build | Farm |
| 14:42 | Build | Farm |
| 14:42 | Build | Farm |
| 14:45 | Build | Lumber Camp |
| 14:47 | Create | Villager (Male) |
| 14:53 | Create | Knight |
| 14:59 | Create | Villager (Male) |
| 15:16 | Create | Villager (Male) |
| 15:18 | Create | Villager (Male) |
| 15:27 | Create | Tarkan |
| 15:28 | Create | Villager (Male) |
| 15:31 | Research | Scale Barding Armor |
| 15:34 | Build | Farm |
| 15:34 | Build | Farm |
| 15:38 | Build | Farm |
| 15:38 | Build | Farm |
| 15:39 | Build | Farm |
| 15:40 | Create | Villager (Male) |
| 15:56 | Create | Villager (Male) |
| 16:00 | Create | Villager (Male) |
| 16:02 | Create | Tarkan |
| 16:09 | Build | Mining Camp |
| 16:16 | Build | Mining Camp |
| 16:23 | Build | Farm |
| 16:25 | Build | Farm |
| 16:29 | Create | Villager (Male) |
| 16:42 | Build | Outpost |
| 16:46 | Create | Villager (Male) |
| 16:48 | Build | Farm |
| 17:15 | Build | Castle |
| 17:18 | Create | Villager (Male) |
| 17:19 | Create | Villager (Male) |
| 17:25 | Build | Farm |
| 17:28 | Create | Villager (Male) |
| 17:30 | Build | Farm |
| 17:42 | Create | Villager (Male) |
| 17:46 | Create | Villager (Male) |
| 17:48 | Build | Farm |
| 18:08 | Create | Tarkan |
| 18:15 | Build | Siege Workshop |
| 18:17 | Create | Villager (Male) |
| 18:26 | Create | Knight |
| 18:29 | Build | Stable |
| 18:30 | Create | Villager (Male) |
| 18:34 | Build | Farm |
| 18:52 | Create | Villager (Male) |
| 18:54 | Create | Mangonel |
| 18:58 | Create | Tarkan |
| 19:02 | Build | Mining Camp |
| 19:02 | Create | Villager (Male) |
| 19:05 | Build | Farm |
| 19:06 | Build | Farm |
| 19:13 | Research | Horse Collar |
| 19:23 | Create | Villager (Male) |
| 19:36 | Build | University |
| 19:41 | Build | Mining Camp |
| 19:42 | Create | Villager (Male) |
| 19:43 | Create | Villager (Male) |
| 19:56 | Create | Mangonel |
| 20:10 | Create | Mangonel |
| 20:14 | Create | Villager (Male) |
| 20:17 | Create | Tarkan |
| 20:23 | Create | Villager (Male) |
| 20:30 | Create | Villager (Male) |
| 20:32 | Create | Tarkan |
| 20:36 | Build | Farm |
Build order — Dr. Mókus
First 150 of 507 actions detected
| 0:05 | Build | House |
| 0:06 | Build | House |
| 0:06 | Build | House |
| 0:09 | Create | Villager (Male) |
| 0:09 | Create | Villager (Male) |
| 0:09 | Create | Villager (Male) |
| 0:29 | Create | Villager (Male) |
| 0:29 | Create | Villager (Male) |
| 0:29 | Create | Villager (Male) |
| 0:49 | Create | Villager (Male) |
| 0:49 | Create | Villager (Male) |
| 0:49 | Create | Villager (Male) |
| 1:28 | Create | Villager (Male) |
| 1:28 | Create | Villager (Male) |
| 1:31 | Create | Villager (Male) |
| 1:32 | Create | Villager (Male) |
| 1:57 | Create | Villager (Male) |
| 1:57 | Create | Villager (Male) |
| 2:03 | Create | Villager (Male) |
| 2:04 | Create | Villager (Male) |
| 2:17 | Create | Villager (Male) |
| 2:18 | Create | Villager (Male) |
| 2:37 | Create | Villager (Male) |
| 2:38 | Create | Villager (Male) |
| 2:46 | Create | Villager (Male) |
| 2:47 | Create | Villager (Male) |
| 3:02 | Create | Villager (Male) |
| 3:03 | Create | Villager (Male) |
| 3:27 | Create | Villager (Male) |
| 3:27 | Create | Villager (Male) |
| 3:34 | Build | House |
| 3:35 | Build | House |
| 3:42 | Create | Villager (Male) |
| 3:42 | Create | Villager (Male) |
| 4:14 | Create | Villager (Male) |
| 4:35 | Create | Villager (Male) |
| 4:36 | Create | Villager (Male) |
| 4:36 | Create | Villager (Male) |
| 4:36 | Create | Villager (Male) |
| 4:50 | Create | Villager (Male) |
| 4:50 | Create | Villager (Male) |
| 4:50 | Create | Villager (Male) |
| 5:13 | Build | Mill |
| 5:18 | Build | House |
| 5:32 | Create | Villager (Male) |
| 5:35 | Create | Villager (Male) |
| 5:40 | Build | House |
| 5:47 | Create | Villager (Male) |
| 6:13 | Create | Villager (Male) |
| 6:18 | Build | Lumber Camp |
| 6:25 | Create | Villager (Male) |
| 6:25 | Create | Villager (Male) |
| 6:57 | Create | Villager (Male) |
| 6:57 | Create | Villager (Male) |
| 7:15 | Build | Farm |
| 7:17 | Create | Villager (Male) |
| 7:35 | Build | Lumber Camp |
| 7:43 | Research | Feudal Age |
| 7:43 | Research | Feudal Age |
| 7:51 | Create | Villager (Male) |
| 7:55 | Build | House |
| 7:57 | Build | House |
| 8:16 | Create | Villager (Male) |
| 8:16 | Create | Villager (Male) |
| 8:36 | Build | Mining Camp |
| 8:40 | Create | Villager (Male) |
| 8:43 | Build | Farm |
| 8:45 | Build | Farm |
| 8:46 | Create | Villager (Male) |
| 9:13 | Create | Villager (Male) |
| 9:13 | Create | Villager (Male) |
| 9:16 | Build | Farm |
| 9:31 | Build | Farm |
| 9:32 | Build | Farm |
| 9:32 | Build | Farm |
| 9:34 | Create | Villager (Male) |
| 9:34 | Create | Villager (Male) |
| 9:36 | Create | Villager (Male) |
| 9:45 | Create | Villager (Male) |
| 9:50 | Build | Farm |
| 9:51 | Build | Farm |
| 9:52 | Create | Villager (Male) |
| 9:52 | Create | Villager (Male) |
| 10:11 | Age | Feudal Age |
| 10:16 | Build | Farm |
| 10:23 | Build | Blacksmith |
| 10:25 | Create | Villager (Male) |
| 10:35 | Build | Mill |
| 10:39 | Create | Villager (Male) |
| 10:39 | Create | Villager (Male) |
| 11:08 | Build | Market |
| 11:10 | Create | Villager (Male) |
| 11:15 | Build | Farm |
| 11:17 | Create | Villager (Male) |
| 11:21 | Build | House |
| 11:22 | Build | House |
| 11:28 | Research | Wheelbarrow |
| 11:33 | Research | Loom |
| 11:36 | Create | Villager (Male) |
| 11:49 | Research | Horse Collar |
| 11:51 | Create | Villager (Male) |
| 12:01 | Build | Farm |
| 12:02 | Build | Farm |
| 12:02 | Build | Farm |
| 12:02 | Build | Farm |
| 12:02 | Build | Farm |
| 12:35 | Build | Lumber Camp |
| 12:51 | Build | Lumber Camp |
| 12:55 | Research | Castle Age |
| 13:08 | Create | Villager (Male) |
| 13:08 | Create | Villager (Male) |
| 13:09 | Create | Villager (Male) |
| 13:09 | Create | Villager (Male) |
| 13:09 | Create | Villager (Male) |
| 13:23 | Build | Dock |
| 13:30 | Research | Double-Bit Axe |
| 13:41 | Build | Farm |
| 13:44 | Create | Villager (Male) |
| 13:53 | Create | Villager (Male) |
| 14:01 | Build | Barracks |
| 14:02 | Create | Villager (Male) |
| 14:11 | Create | Demolition Raft |
| 14:15 | Create | Fishing Ship |
| 14:27 | Create | Villager (Male) |
| 14:40 | Create | Fishing Ship |
| 14:43 | Create | Fishing Ship |
| 15:09 | Create | Fishing Ship |
| 15:11 | Create | Villager (Male) |
| 15:25 | Build | Stable |
| 15:26 | Build | Stable |
| 15:34 | Build | House |
| 15:35 | Age | Castle Age |
| 15:43 | Build | Town Center |
| 15:44 | Create | Villager (Male) |
| 15:45 | Create | Villager (Male) |
| 15:52 | Build | Town Center |
| 15:53 | Create | Villager (Male) |
| 16:00 | Build | Monastery |
| 16:04 | Build | House |
| 16:05 | Build | House |
| 16:06 | Build | House |
| 16:17 | Research | Bow Saw |
| 16:20 | Create | Villager (Male) |
| 16:24 | Research | Bloodlines |
| 16:25 | Research | Husbandry |
| 16:28 | Research | Forging |
| 16:29 | Research | Scale Barding Armor |
| 16:31 | Create | Villager (Male) |
| 16:37 | Create | Villager (Male) |
| 16:41 | Create | Villager (Male) |
Match timeline
| 7:07 | Dr. Herma · first_building Barracks |
| 8:21 | Overhead · first_building Barracks |
| 8:26 | Dr. Herma · first_building Dock |
| 8:57 | Overhead · age_up feudal |
| 9:11 | Dr. Herma · age_up feudal |
| 9:23 | Overhead · first_building Archery Range |
| 9:59 | wololo · age_up feudal |
| 10:09 | Lord Ice · first_building Barracks |
| 10:11 | Dr. Mókus · age_up feudal |
| 10:24 | Dr.Infó · first_building Barracks |
| 10:36 | Dr. Herma · first_building Stable |
| 10:38 | Lord Ice · age_up feudal |
| 11:18 | Dr.Infó · age_up feudal |
| 11:23 | wololo · first_market_sell 100 stone |
| 11:26 | wololo · first_market_buy 100 wood |
| 11:47 | Dr.Infó · first_building Archery Range |
| 11:56 | Lord Ice · first_building Stable |
| 13:23 | Dr. Mókus · first_building Dock |
| 13:39 | wololo · first_building Barracks |
| 14:01 | Dr. Mókus · first_building Barracks |
| 14:10 | Lord Ice · first_building Archery Range |
| 14:23 | Overhead · wall_segment Palisade Wall x1 |
| 14:25 | Overhead · wall_segment Palisade Wall x1 |
| 14:26 | Dr. Herma · age_up castle |
| 14:30 | wololo · first_building Archery Range |
| 14:30 | Dr. Herma · first_building Castle |
| 15:25 | Dr. Mókus · first_building Stable |
| 15:26 | Dr.Infó · age_up castle |
| 15:35 | Dr.Infó · wall_segment Stone Wall x7 |
| 15:35 | Dr. Mókus · age_up castle |
| 15:51 | wololo · age_up castle |
| 15:52 | Lord Ice · wall_segment Stone Wall x11 |
| 16:00 | Dr. Mókus · first_building Monastery |
| 17:03 | Lord Ice · age_up castle |
| 17:23 | Overhead · age_up castle |
| 17:40 | Dr.Infó · first_building Castle |
| 18:15 | Dr. Herma · first_building Siege Workshop |
| 18:22 | Lord Ice · first_building Dock |
| 19:13 | Dr. Herma · first_market_buy 100 food |
| 19:39 | Overhead · first_building Castle |
| 19:51 | wololo · first_building Castle |
| 19:52 | Dr.Infó · wall_segment Stone Wall x11 |
| 20:15 | Lord Ice · first_building Siege Workshop |
| 21:10 | Lord Ice · first_building Castle |
| 21:53 | Dr. Mókus · first_building Castle |
| 22:40 | Overhead · first_building Dock |
| 24:15 | Dr.Infó · first_building Siege Workshop |
| 24:32 | Dr. Mókus · first_building Siege Workshop |
| 24:36 | wololo · age_up imperial |
| 26:33 | Dr. Herma · first_market_sell 100 wood |
| 28:16 | Lord Ice · first_market_sell 500 stone |
| 29:37 | Overhead · wall_segment Stone Wall x9 |
| 29:53 | Dr. Mókus · first_market_sell 100 stone |
| 30:20 | Dr.Infó · first_market_buy 100 wood |
| 31:41 | Dr.Infó · age_up imperial |
| 31:43 | Lord Ice · age_up imperial |
| 31:45 | Overhead · age_up imperial |
| 31:53 | wololo · first_building Dock |
| 32:16 | Dr. Herma · age_up imperial |
| 33:11 | Dr.Infó · tribute_sent a jugador 1 |
| 33:11 | Dr.Infó · tribute_sent a jugador 3 |
| 33:11 | Dr.Infó · tribute_sent a jugador 4 |
| 33:11 | Dr.Infó · tribute_sent a jugador 5 |
| 33:11 | Dr.Infó · tribute_sent a jugador 6 |
| 33:33 | Dr. Mókus · age_up imperial |
| 36:33 | Dr. Herma · first_building Archery Range |
| 39:37 | Overhead · resign |
[ AI ANALYSIS · 1 CREDIT ]
What really happened in this match?
Wolo.gg analyzes every decision: build order, eco, micro, common mistakes by bracket. Personalized analysis on WhatsApp or Discord in 30 seconds.
Civ guide
Tupi
Perfil
Jugador #234935